Map: 瑟拉斯废墟

Players

Quail - Winner!

  • Race: Protoss Protoss
  • League: Platinum

阿瑞斯的救赎

  • Race: Zerg Zerg
  • League: Gold

VOD

Have the link to the VOD?

Description

Time

  • Played on: Dec. 3, 2015, 9:45 a.m.
  • Length: 17:11
Show
View Real Time Build Order
Export as new Build Order

Quail Protoss - Winner!

Build Orders: 1 Gate Expand 

Get SALT Encoding   

  12  0:01  Probe (Chrono Boost)  
  13  0:11  Probe (Chrono Boost)  
  14  0:19  Pylon  
  14  0:23  Probe (Chrono Boost)  
  15  0:37  Probe (Chrono Boost)  
  15  0:40  Gateway  
  16  0:48  Probe (Chrono Boost)  
  17  1:12  Nexus  
  18  1:22  Assimilator  
  17  1:26  Probe (Chrono Boost)  
  17  1:27  Assimilator  
  18  1:37  Probe (Chrono Boost)  
  19  1:48  Cybernetics Core  
  19  1:51  Pylon  
  19  1:52  Probe (Chrono Boost)  
  20  2:03  Probe (Chrono Boost)  
  21  2:11  Gateway  
  21  2:14  Probe (Chrono Boost)  
  22  2:24  Probe (Chrono Boost)  
  22  2:26  Probe (Chrono Boost)  
  24  2:30  Adept (Chrono Boost)  
  24  2:35  Probe (Chrono Boost)  
  27  2:40  Probe (Chrono Boost)  
  28  2:44  Probe (Chrono Boost)  
  28  2:51  Probe, Warp Gate  
  30  2:56  Adept (Chrono Boost)  
  32  2:59  Probe  
  32  3:03  Adept (Chrono Boost)  
  35  3:09  Pylon  
  35  3:10  Probe  
  35  3:12  Probe  
  37  3:22  Robotics Facility  
  37  3:25  Probe  
  37  3:26  Probe  
  39  3:41  Probe  
  39  3:43  Probe  
  39  3:46  Adept (Chrono Boost)  
  43  3:49  Adept (Chrono Boost)  
  43  3:52  Probe  
  43  3:55  Probe  
  45  4:00  Pylon  
  45  4:02  Probe  
  45  4:07  Probe  
  43  4:11  Warp Prism (Chrono Boost)  
  43  4:13  Probe  
  43  4:16  Adept (Chrono Boost)  
  48  4:17  Gateway  
  48  4:19  Probe  
  48  4:21  Sentry (Chrono Boost)  
  48  4:22  Mothership Core  
  51  4:28  Twilight Council  
  53  4:35  Stargate  
  53  4:39  Probe  
  53  4:42  Probe, Adept  
  57  4:46  Observer (Chrono Boost)  
  57  4:50  Adept  
  57  4:51  Probe  
  61  4:52  Probe  
  61  4:56  Assimilator  
  62  5:00  Assimilator  
  62  5:05  Pylon  
  62  5:09  Gateway  
  62  5:12  Gateway  
  62  5:18  Pylon  
  62  5:21  Probe  
  62  5:23  Probe  
  64  5:32  Probe  
  64  5:35  Probe  
  66  5:40  Void Ray  
  66  5:42  Probe  
  70  5:45  Adept  
  70  5:47  Probe  
  74  6:04  Fleet Beacon  
  74  6:05  Nexus  
  74  6:08  Pylon  
  74  6:11  Pylon  
  74  6:13  Forge, Pylon  
  74  6:15  Adept x2  
  78  6:27  Immortal (Chrono Boost)  
  78  6:30  Void Ray  
  86  6:36  Sentry  
  88  6:44  Adept x3  
  93  6:48  Resonating Glaives  
  93  6:51  Adept  
  91  7:01  Adept  
  93  7:15  Probe  
  93  7:17  Probe  
  93  7:18  Immortal (Chrono Boost)  
  99  7:28  Pylon  
  99  7:30  Adept  
  99  7:35  Photon Cannon  
  99  7:36  Photon Cannon  
  101  7:44  Probe  
  101  7:45  Carrier (Chrono Boost)  
  101  7:46  Probe  
  109  7:57  Probe x2  
  109  7:59  Probe  
  109  8:00  Adept  
  108  8:07  Probe, Pylon  
  108  8:09  Pylon  
  109  8:18  Stargate  
  109  8:19  Probe x2  
  109  8:21  Stargate  
  109  8:23  Probe  
  104  8:32  Probe x2  
  98  8:36  Stalker x2  
  98  8:37  Stalker x3  
  106  8:43  Pylon  
  106  8:45  Pylon  
  106  8:49  Pylon  
  106  8:53  Pylon  
  106  8:54  Photon Cannon  
  106  8:59  Pylon  
  106  9:01  Carrier (Chrono Boost)  
  112  9:07  Phoenix (Chrono Boost)  
  112  9:08  Phoenix (Chrono Boost)  
  116  9:20  Assimilator  
  116  9:22  Assimilator  
  116  9:24  Pylon  
  116  9:25  Adept  
  116  9:26  Adept x2, Photon Cannon  
  116  9:28  Photon Cannon  
  126  9:32  Phoenix (Chrono Boost)  
  126  9:33  Phoenix (Chrono Boost)  
  120  9:57  Phoenix x2 (Chrono Boost)  
  120  9:58  Protoss Air Weapons Level 1  
  124  10:11  Photon Cannon  
  124  10:17  Phoenix (Chrono Boost)  
  124  10:20  Adept x3  
  124  10:21  Adept x2  
  140  10:22  Phoenix x2 (Chrono Boost)  
  134  10:46  Carrier (Chrono Boost)  
  142  10:50  Phoenix (Chrono Boost)  
  142  10:51  Phoenix (Chrono Boost)  
  142  10:52  Nexus  
  142  10:55  Pylon  
  142  10:56  Pylon  
  140  10:59  Pylon  
  140  11:04  Zealot x4  
  142  11:05  Zealot  
  156  11:22  Carrier (Chrono Boost)  
  156  11:25  Carrier (Chrono Boost)  
  156  11:29  Observer, Protoss Ground Armor Level 1  
  163  11:38  Adept  
  163  11:39  Adept x3  
  171  11:53  Photon Cannon  
  171  11:55  Photon Cannon  
  171  11:57  Carrier (Chrono Boost)  
  171  11:58  Photon Cannon  
  168  12:17  Probe  
  168  12:20  Photon Cannon  
  167  12:26  Anion Pulse-Crystals (Chrono Boost)  
  167  12:30  Carrier  
  167  12:33  Pylon  
  167  12:36  Carrier  
  179  12:47  Warp Prism  
  181  12:54  Protoss Air Weapons Level 2 (Chrono Boost)  
  181  13:00  Photon Cannon  
  181  13:03  Assimilator  
  181  13:06  Probe, Carrier  
  181  13:08  Assimilator  
  181  13:09  Sentry  
  181  13:11  Sentry  
  192  13:33  Graviton Catapult (Chrono Boost)  
  192  13:42  Immortal  
  196  13:56  Phoenix  
  196  13:58  Adept  
  200  14:15  Stalker  
  200  14:16  Stalker x2  
  180  14:17  Carrier  
  180  14:21  Carrier x2  
  150  14:45  Zealot  
  150  14:46  Zealot  
  154  15:04  Pylon  
  154  15:12  Immortal  
  158  15:33  Zealot x3  
  164  15:37  Carrier (Chrono Boost)  
  164  15:43  Carrier (Chrono Boost)  
  164  15:46  Carrier (Chrono Boost)  
Show
View Real Time Build Order
Export as new Build Order

阿瑞斯的救赎 Zerg 

Build Orders: 3 Hatch before Pool 

Get SALT Encoding   

  12  0:00  Drone  
  13  0:08  Drone  
  14  0:17  Overlord  
  14  0:25  Drone, Extractor  
  15  0:37  Drone x2  
  17  0:55  Hatchery  
  16  0:59  Drone  
  17  1:23  Drone  
  18  1:27  Hatchery  
  17  1:38  Spawning Pool  
  17  1:39  Drone  
  17  1:40  Extractor  
  17  1:43  Drone  
  17  1:46  Drone  
  18  1:53  Drone  
  19  2:02  Drone  
  20  2:12  Drone  
  21  2:20  Drone x2  
  23  2:23  Drone, Extractor  
  23  2:30  Drone  
  23  2:34  Drone  
  25  2:40  Drone x2  
  27  2:51  Metabolic Boost  
  27  2:52  Queen  
  27  2:54  Queen  
  27  2:56  Zergling x2  
  27  2:57  Zergling x4  
  34  3:02  Overlord  
  34  3:20  Zergling x12  
  40  3:30  Roach Warren  
  40  3:31  Drone x2  
  40  3:46  Drone  
  40  3:47  Drone, Overlord  
  40  3:48  Overlord  
  41  4:08  Drone x2  
  41  4:09  Drone x6  
  48  4:13  Roach, Extractor  
  48  4:14  Extractor  
  48  4:21  Spore Crawler  
  47  4:35  Lair  
  47  4:36  Roach x3  
  53  4:39  Roach  
  55  4:48  Overlord  
  55  4:49  Drone x2  
  55  4:50  Drone  
  58  4:59  Overlord  
  58  5:06  Queen  
  60  5:11  Drone x4  
  60  5:12  Drone x2  
  65  5:38  Queen  
  65  5:40  Roach  
  65  5:41  Overlord, Roach x2  
  65  5:42  Overlord x3  
  73  5:50  Spire  
  73  5:54  Infestation Pit  
  71  6:01  Drone x5  
  76  6:08  Glial Reconstitution  
  67  7:05  Mutalisk  
  67  7:06  Mutalisk x11  
  67  7:07  Mutalisk  
  79  7:19  Zergling x16  
  79  7:20  Zergling x10  
  92  7:30  Evolution Chamber  
  92  7:31  Evolution Chamber  
  87  8:08  Zerg Melee Weapons Level 1  
  87  8:09  Zerg Ground Armor Level 1  
  78  8:45  Hive  
  78  8:47  Zerg Flyer Weapons Level 1  
  78  8:51  Infestation Pit  
  78  8:54  Drone x5  
  78  8:55  Drone x14  
  96  9:12  Hatchery  
  96  9:13  Corruptor  
  96  9:14  Corruptor x2  
  101  9:25  Extractor  
  101  9:28  Extractor  
  99  9:31  Overseer  
  92  10:15  Zerg Ground Armor Level 2, Zerg Melee Weapons Level 2  
  92  10:25  Ultralisk Cavern  
  82  10:53  Zerg Flyer Weapons Level 2  
  82  10:56  Corruptor x2  
  82  10:57  Corruptor x3  
  92  11:06  Drone x2  
  92  11:08  Drone  
  92  11:09  Drone x4, Extractor  
  98  11:11  Drone  
  98  11:14  Extractor  
  98  11:16  Chitinous Plating  
  110  11:18  Ultralisk x2  
  110  11:20  Overlord x3  
  110  11:21  Overlord x6  
  110  11:39  Hatchery  
  109  11:47  Ultralisk  
  115  11:54  Drone  
  115  11:55  Drone x2  
  115  11:56  Drone x3  
  115  11:57  Overlord x2  
  120  12:19  Corruptor x3  
  120  12:20  Corruptor x4  
  134  12:24  Zergling x2  
  134  12:25  Zergling x24  
  134  12:28  Queen  
  149  12:37  Zerg Melee Weapons Level 3  
  149  12:41  Zergling x2  
  149  12:42  Zergling x6  
  153  12:50  Ultralisk  
  159  13:00  Queen  
  159  13:02  Drone  
  159  13:05  Ultralisk  
  168  13:07  Drone x4  
  168  13:10  Drone  
  168  13:11  Extractor  
  172  13:16  Extractor  
  171  13:24  Zerg Ground Armor Level 3  
  171  13:27  Zerg Flyer Weapons Level 3  
  171  13:30  Zergling x4  
  171  13:33  Overseer  
  173  13:34  Overseer  
  173  13:41  Ultralisk  
  179  13:56  Drone  
  179  13:57  Drone x10  
  179  14:00  Drone x2  
  192  14:04  Drone x2  
  120  14:31  Corruptor  
  120  14:32  Corruptor x5  
  124  14:40  Corruptor x2  
  125  15:00  Spore Crawler  
  125  15:01  Spore Crawler  
  125  15:02  Drone  
  125  15:03  Drone x2, Corruptor x2, Overlord  
  114  15:37  Corruptor x5  
  114  15:38  Corruptor x4  
  131  16:09  Hatchery  
  124  16:14  Corruptor x3  
  124  16:17  Corruptor  
  128  16:31  Hatchery  
Tags
 
Add a new tag
Caveats
  • Supply blocks, unpowered buildings, or Contaminate may cause inaccurate times.
  • Supply counts are checked every 10 seconds.